 Dungeon Crawl Stone Soup version 0.18-a0-1426-g3b9a63c (webtiles) character file.

76 chei the Skirmisher (level 4, -1/42 HPs)
             Began as a Naga Fighter on Feb 27, 2016.
             Slain by a gnoll
             ... wielding a +0 spear
              (5 damage)
             ... on level 3 of the Dungeon.
             The game lasted 00:01:46 (1708 turns).

chei the Skirmisher (Naga Fighter)                  Turns: 1708, Time: 00:01:47

Health: -1/42      AC:  7    Str: 24    XL:     4   Next: 32%
Magic:  4/4        EV:  2    Int: 14    God:
Gold:   87         SH:  9    Dex: 10    Spells: 0 memorised, 3 levels left

rFire  . . .     SeeInvis +     a - +0 long sword
rCold  . . .     Gourm    .     q - +0 plate armour
rNeg   . . .     Faith    .     c - +0 shield
rPois  +         Spirit   .     (no helmet)
rElec  .         Dismiss  .     (no cloak)
rCorr  .         Reflect  .     (no gloves)
SustAt .         Harm     .     (no barding)
MR     .....                    (no amulet)
Stlth  ..........               (no ring)
                                (no ring)

@: mighty, brilliant, very slow, not resistant to hostile enchantments,
extremely unstealthy
A: see invisible, deformed body, poison resistance, slowness 2, slow metabolism
1, spit poison 2, AC +1
a: Spit Poison


You were on level 3 of the Dungeon.
You were hungry.

You visited 1 branch of the dungeon, and saw 3 of its levels.

You collected 87 gold pieces.

Inventory:

Hand Weapons
 a - a +0 long sword (weapon)
Armour
 b - a +0 scale mail
 c - a +0 shield (worn)
 q - a +0 plate armour (worn)
Jewellery
 r - an uncursed ring of protection from fire {unknown}
Scrolls
 e - a scroll of recharging {unknown}
 g - 2 scrolls of remove curse {unknown}
 h - 2 scrolls of enchant armour {unknown}
 j - 3 scrolls of teleportation {unknown}
Potions
 i - 2 potions of brilliance
 k - a potion of agility {unknown}
 l - a potion of curing
 n - a potion of haste {unknown}
Books
 p - a Grand Grimoire

   Spells                             Type                      Level
   a - Monstrous Menagerie            Summoning                    7
   b - Summon Greater Demon           Summoning                    7
   c - Malign Gateway                 Summoning/Translocation      7
   d - Summon Horrible Things         Summoning                    8
Comestibles
 f - 5 bread rations
 m - a beef jerky
 o - a meat ration


   Skills:
 + Level 3.5 Fighting
 * Level 2.5 Long Blades
 + Level 3.1 Armour
 + Level 0.2 Dodging
 + Level 2.8 Shields


You had 3 spell levels left.
You didn't know any spells.

Dungeon Overview and Level Annotations

Branches:
Dungeon (3/15)

Altars:
Dithmenos


Innate Abilities, Weirdness & Mutations

You cannot wear boots.
Your serpentine skin is tough (AC +1).
You have supernaturally acute eyesight.
Armour fits poorly on your strangely shaped body.
Your system is resistant to poisons.
You cover ground very slowly.
You have a slow metabolism.
You can spit poison.


Message History

You feel stronger. The gnoll hits you but does no damage.
You block the gnoll's attack. The gnoll hits you with a spear!
* * * LOW HITPOINT WARNING * * *
You block the gnoll's attack. The gnoll hits you with a spear.
* * * LOW HITPOINT WARNING * * *
Things that are here:
a whip; a robe; a gnoll corpse Unknown command.
You are too injured to fight recklessly!
Unknown command.
You are too injured to fight recklessly!
Unknown command.
You are too injured to fight recklessly!
Unknown command.
You are too injured to fight recklessly!
You slash the gnoll!
The gnoll is severely wounded.
The gnoll hits you with a spear.
You die...

..........#.#..##........
.................).......
#....w........##...#.#.#
#......r.#.#..##...#.#.##
#....##..#...............
#... #.g#.#..###........
#.. #..#.............## #.
#gg###..###......# ..
#rgg@...# #........
#.#######.####..# #........
.........#####.#####.......
.......#.#.........#.......
#.######.#.###.....#.......
........#.###)รท...#....##
........#.##......#
.##.###......_........
.......#......##.#...


You could see 4 gnolls and a rat.

Vanquished Creatures
  A gnoll shaman (D:3)
  An adder (D:2)
  An ooze (D:2)
  A worm (D:2)
  A dart slug (D:3)
  A ball python (D:2)
  3 bats
  3 giant cockroaches
  4 hobgoblins
  2 kobolds (D:1)
  A quokka (D:2)
  A giant newt (D:2)
  5 goblins
  3 rats
28 creatures vanquished.

Notes
Turn   | Place    | Note
--------------------------------------------------------------
     0 | D:1      | chei the Naga Fighter began the quest for the Orb.
     0 | D:1      | Reached XP level 1. HP: 21/21 MP: 1/1
   292 | D:1      | Reached XP level 2. HP: 26/28 MP: 2/2
   765 | D:2      | Reached XP level 3. HP: 27/34 MP: 3/3
  1654 | D:3      | Found a shadowy altar of Dithmenos.
  1706 | D:3      | Reached XP level 4. HP: 16/42 MP: 4/4
  1708 | D:3      | Slain by a gnoll

Vault maps used:
D:1:      saegor_arrival_under_anarchy
D:2:      first_bread
D:3:      grunt_qazlal_sundering, nicolae_overflow_crystal_walls, uniq_sigmund

Skill      XL: |  1  2  3 |
---------------+----------+-----
Armour         | 3 |  3.1
Fighting       | |  3.5
Long Blades    | |  2.5
Dodging        | |  0.2
Shields        | |  2.8

Action                   |  1- 3 |  4- 6 || total
-------------------------+-------+-------++-------
Melee: Long sword        |    84 |     1 ||    85
  Use: Potion            |     3 |       ||     3
  Eat: Chunk             |     1 |       ||     1
